 Dungeon Crawl Stone Soup version 0.24.0-123-gd5b16e6ec5 (webtiles) character file.

Game seed: 6595506340497622066, levelgen mode: deterministic

4493 Elellon the Cleaver (level 10, -4/88 HPs)
             Began as a Deep Dwarf Fighter on Jan 5, 2020.
             Was a Priest of Makhleb.
             Slain by a death yak (6 damage)
             ... on level 8 of the Dungeon on Jan 6, 2020.
             The game lasted 00:23:31 (5979 turns).

Elellon the Cleaver (Deep Dwarf Fighter)            Turns: 5979, Time: 00:23:32

Health: -4/88      AC: 16    Str: 23    XL:     10   Next: 16%
Magic:  6/6        EV:  5    Int:  9    God:    Makhleb [***...]
Gold:   600        SH: 11    Dex: 12    Spells: 9/9 levels left

rFire    . . .     SeeInvis +   a - +0 war axe
rCold    . . .     Gourm    .   c - +0 shield
rNeg     . . .     Faith    .   q - +0 plate armour
rPois    .         Spirit   .   (no helmet)
rElec    .         Reflect  .   u - +2 cloak {MR+}
rCorr    .         Harm     .   (no gloves)
MR       ++...                  (no boots)
Stlth    ..........             G - amulet of Zusu {RegenMP SInv}
HPRegen  0.00/turn              (no ring)
MPRegen  0.35/turn              (no ring)

@: non-regenerating
A: damage resistance, heal wounds, sense surroundings 2, no regeneration
a: Heal Wounds, Minor Destruction, Lesser Servant of Makhleb, Renounce Religion


You were on level 8 of the Dungeon.
You worshipped Makhleb.
Makhleb was most pleased with you.
You were not hungry.

You visited 2 branches of the dungeon, and saw 9 of its levels.
You also visited: Sewer.

You collected 600 gold pieces.

Inventory:

Hand Weapons
 a - a +0 war axe (weapon)
 b - a +2 hunting sling of freezing
Missiles
 o - 70 sling bullets
 v - 46 poisoned darts (quivered)
Armour
 c - a +0 shield (worn)
 q - a +0 plate armour (worn)
 t - a +0 shield
 u - a +2 cloak of magic resistance (worn)
Jewellery
 B - an uncursed amulet of faith
 G - the amulet of Zusu (around neck) {RegenMP SInv}
   (You found it on level 8 of the Dungeon)

   [amulet of magic regeneration]

   It increases your magic regeneration.
   It lets you see invisible.
Wands
 e - a wand of acid (5)
 z - a wand of iceblast (8)
 A - a wand of polymorph (10)
Scrolls
 i - 4 scrolls of identify
 j - 2 scrolls of amnesia {unknown}
 k - a scroll of magic mapping {unknown}
 m - a scroll of enchant armour {unknown}
 p - 3 scrolls of blinking {unknown}
 s - 4 scrolls of teleportation {unknown}
 x - 2 scrolls of remove curse
 y - a scroll of random uselessness {unknown}
 F - a scroll of vulnerability {unknown}
Potions
 d - 5 potions of might
 g - 2 potions of invisibility {unknown}
 h - a potion of heal wounds {unknown}
 l - a potion of flight {unknown}
 n - 3 potions of curing
 r - 2 potions of cancellation
 w - 3 potions of magic
 C - 2 potions of agility
 D - a potion of haste {unknown}
Comestibles
 f - 13 rations
 E - 2 chunks of flesh


   Skills:
 + Level 5.0 Fighting
 * Level 12.9 Axes
 - Level 0.1 Throwing
 + Level 6.4 Armour
 - Level 0.1 Stealth
 + Level 6.6 Shields


You had 9 spell levels left.
You didn't know any spells.
Your spell library was empty.

Dungeon Overview and Level Annotations

Branches:
Dungeon (8/15)             Temple (1/1) D:4            Lair (0/6) D:8
  Sewer (visited)

Altars:
Ashenzari
Cheibriados
Dithmenos
Fedhas
Gozag
Hepliaklqana
Makhleb
Nemelex Xobeh
Okawaru
Ru
Sif Muna
Trog
Uskayaw
Vehumet
Wu Jian
Xom
Zin
The Shining One

Annotations:
D:5 2 transporters


Innate Abilities, Weirdness & Mutations

You are resistant to damage.
You can heal yourself by infusing magical energy.
You passively map the area around you.
You do not regenerate.


Message History

Your magical essence is drained by the effort!
You feel much better.
Saving game... please wait.
Welcome back, Elellon the Deep Dwarf Fighter.
Blood and souls for Makhleb!
Press ? for a list of commands and other information.
Done exploring.
There is a stone staircase leading down here.
You climb downwards.
The death yak gores you. The death yak gores you!!
The death yak gores you. x2; The death yak gores you!
* * * LOW HITPOINT WARNING * * *
The death yak gores you!
* * * LOW HITPOINT WARNING * * *
The death yak gores you!
* * * LOW HITPOINT WARNING * * *
There is a stone staircase leading up, spattered with blood here.
Unknown command.
You can't go down here!
The death yak completely misses you. The death yak gores you!
You die...

############ #######
#..........#########
......###..........##......##
.......##..........#........##
........#....................#
........#........(...........#
........#......Y...(.........#
........#......Y@..(<........#
...>....#......YYY...........#
.......##.........(.........##
........†........(...........#
.........###...(###..........####
.........# ###..........[........
.........## #.###..........)###.
..........####.# ##..........##..
....Y........... ##........###.#


You could see 5 death yaks.

Vanquished Creatures
  Harold (D:7)
  Pikel (D:7)
  Joseph (D:8)
  A centaur skeleton (D:7)
  Sigmund (D:5)
  An ice beast (D:5)
  2 sky beasts (D:6)
  A phantom (D:5)
  A necrophage (D:8)
  3 ogres
  A centaur (D:5)
  7 bullfrogs
  A scorpion (D:4)
  2 howler monkeys
  4 crimson imps
  4 hounds
  2 orc priests
  Crazy Yiuf (D:7)
  4 orc wizards
  Terence (D:2)
  An iguana (D:4)
  9 worker ants
  A hound skeleton (D:7)
  A worker ant zombie (D:8)
  2 howler monkey skeletons (D:5)
  2 gnolls (D:7)
  17 adders
  4 shadow imps
  12 oozes
  5 worms
  3 dart slugs
  14 leopard geckos
  24 orcs
  21 giant cockroaches
  13 goblins
  14 hobgoblins
  8 jackals
  7 kobolds
  5 quokkas
  16 ball pythons
  6 bats
  14 frilled lizards
  A jackal skeleton (D:5)
  A leopard gecko skeleton (D:6)
  A leopard gecko zombie (D:5)
  A quokka zombie (D:5)
  10 rats
253 creatures vanquished.

Vanquished Creatures (others)
  3 slaves (D:7)
  A bullfrog (D:7)
  2 gnolls (D:7)
6 creatures vanquished.

Grand Total: 259 creatures vanquished

Notes
Turn   | Place    | Note
-------+----------+-------------------------------------------
     0 | D:1      | Elellon the Deep Dwarf Fighter began the quest for the Orb.
     0 | D:1      | Reached XP level 1. HP: 20/20 MP: 1/1
    76 | D:1      | Reached skill level 3 in Axes
    78 | D:1      | Reached XP level 2. HP: 24/27 MP: 2/2
   360 | D:1      | Reached XP level 3. HP: 26/33 MP: 3/3
   422 | D:1      | Reached skill level 4 in Axes
   828 | D:2      | Found a hazy altar of Hepliaklqana.
   828 | D:2      | Found a radiant altar of Vehumet.
  1046 | D:2      | Reached XP level 4. HP: 29/40 MP: 4/4
  1106 | D:2      | Found a glowing golden altar of the Shining One.
  1110 | D:2      | Noticed Terence
  1128 | D:2      | Killed Terence
  1479 | D:3      | Reached skill level 5 in Axes
  1536 | D:3      | Found a glowing drain.
  1572 | D:3      | Reached XP level 5. HP: 43/48 MP: 5/5
  1610 | Sewer    | Entered a sewer
  1881 | Sewer    | Reached skill level 6 in Axes
  1979 | Sewer    | Reached XP level 6. HP: 41/55 MP: 6/6
  2446 | D:3      | Reached skill level 7 in Axes
  2536 | D:4      | Reached XP level 7. HP: 31/62 MP: 7/7
  2673 | D:4      | Found a shimmering blue altar of Sif Muna.
  2740 | D:4      | Found a staircase to the Ecumenical Temple.
  2746 | Temple   | Entered the Ecumenical Temple
  2952 | Temple   | Became a worshipper of Makhleb the Destroyer
  3676 | D:5      | Entered Level 5 of the Dungeon
  3676 | D:5      | Found a transporter.
  3786 | D:5      | Reached skill level 8 in Axes
  3845 | D:5      | Reached * piety under Makhleb
  3880 | D:5      | Reached XP level 8. HP: 36/69 MP: 7/7
  3897 | D:5      | Found a sparkling altar of Nemelex Xobeh.
  3947 | D:5      | Found a transporter.
  4005 | D:5      | Reached skill level 9 in Axes
  4054 | D:5      | Reached skill level 5 in Shields
  4087 | D:4      | Reached skill level 5 in Armour
  4114 | D:5      | Noticed Sigmund
  4224 | D:5      | Killed Sigmund
  4368 | D:5      | Reached skill level 10 in Axes
  4671 | D:6      | Reached ** piety under Makhleb
  5117 | D:6      | Gained mutation: You passively map the area around you.
                  | [Deep Dwarf growth]
  5117 | D:6      | Reached XP level 9. HP: 78/78 MP: 8/8
  5188 | D:7      | Noticed Pikel
  5212 | D:7      | Killed Pikel
  5212 | D:7      | Reached skill level 11 in Axes
  5329 | D:7      | Found a runed translucent door.
  5330 | D:7      | Noticed Crazy Yiuf
  5458 | D:7      | Killed Crazy Yiuf
  5468 | D:7      | Got a translucent mace
  5469 | D:7      | Identified the +10 mace "Kogoik" {drain, *Corrode Dex+6}
                  | (You found it on level 7 of the Dungeon)
  5667 | D:8      | Noticed Harold
  5689 | D:6      | Reached skill level 12 in Axes
  5710 | D:7      | Killed Harold
  5710 | D:7      | Reached XP level 10. HP: 26/87 MP: 7/7
  5817 | D:8      | Noticed Joseph
  5820 | D:8      | Reached *** piety under Makhleb
  5847 | D:8      | Killed Joseph
  5847 | D:8      | Reached skill level 5 in Fighting
  5854 | D:8      | Got an ancient golden amulet
  5855 | D:8      | Identified the amulet of Zusu {RegenMP SInv} (You found it
                  | on level 8 of the Dungeon)
  5906 | D:8      | Noticed a death yak
  5908 | D:8      | Found a staircase to the Lair.
  5908 | D:8      | Noticed a death yak
  5928 | D:8      | Noticed a death yak
  5929 | D:8      | Noticed a death yak
  5930 | D:8      | Noticed a death yak
  5978 | D:8      | HP: 2/88 [death yak (8)]
  5979 | D:8      | Slain by a death yak

Levels and vault maps discovered:
D:1:      roderic_crossed_star, layout_loops_ring
D:2:      layout_loops_ring, grunt_temple_overflow_open, uniq_terence
D:3:      layout_loops_ring, first_ration, gup_sewer_entry_glass
D:4:      layout_basic, old_standard_altar, minmay_temple_entry_tees,
          minmay_goblin_outpost
D:5:      gammafunk_steamed_eel, layout_gridville, marbit_many_paths,
          uniq_sigmund
D:6:      layout_basic
D:7:      layout_rooms, uniq_pikel, uniq_crazy_yiuf_cottage
D:8:      layout_rooms, dpeg_lair_monsters, serial_shops, shop, uniq_harold,
          uniq_joseph
Temple:   nicolae_temple_figure_eight

Skill      XL: |  1  2  3  4  5  6  7  8  9 10 |
---------------+-------------------------------+-----
Axes           | 3 4 5 6 7 8 10 12 | 12.9
Shields        | 4 5 6 |  6.6
Fighting       | 3 4 5 |  5.0
Armour         | 4 5 6 |  6.4
Throwing       | |  0.1
Stealth        | |  0.1

Action                   |  1- 3 |  4- 6 |  7- 9 | 10-12 || total
-------------------------+-------+-------+-------+-------++-------
Melee: War axe           |   125 |   313 |   507 |    59 ||  1004
 Fire: Hunting sling     |       |       |    32 |       ||    32
Throw: Dart              |       |     1 |     5 |       ||     6
 Abil: Heal Wounds       |       |     1 |     9 |     4 ||    14
  Use: Scroll            |     1 |       |     6 |     1 ||     8
  Eat: Chunk             |     1 |     6 |    11 |     1 ||    19
Armor: Scale mail        |    35 |       |       |       ||    35
       Plate armour      |    26 |   169 |   250 |    16 ||   461
Dodge: Dodged            |    38 |    46 |    79 |     6 ||   169
Block: Shield            |    63 |   174 |   215 |    22 ||   474
